 Dungeon Crawl Stone Soup version 0.19.1-1-g22dce08 (console) character file.

345 Kloppie the Slasher (level 6, -2/51 HPs)
             Began as a Draconian Berserker on Jan 3, 2017.
             Was a Believer of Trog.
             Slain by a gnoll
             ... wielding a +0 whip
              (7 damage)
             ... on level 4 of the Dungeon.
             The game lasted 00:04:05 (3125 turns).

Kloppie the Slasher (Draconian Berserker)           Turns: 3125, Time: 00:04:05

Health: -2/51      AC:  6    Str: 22    XL:     6   Next: 32%
Magic:  5/5        EV: 13    Int:  7    God:    Trog [**....]
Gold:   205        SH:  0    Dex: 12    Spells: 0 memorised, 5 levels left

rFire  + . .     SeeInvis .     a - +0 falchion
rCold  + . .     Gourm    .     (armour unavailable)
rNeg   . . .     Faith    .     (no shield)
rPois  +         Spirit   .     (helmet restricted)
rElec  +         Reflect  .     (no cloak)
rCorr  +         Harm     .     (no gloves)
MR     ++...                    (no boots)
Stlth  +.........               (no amulet)
                                (no ring)
                                (no ring)

@: exhausted, resistant, regenerating, slowed, very slow
A: unfitting armour, low mp 1, strong 1, wild magic 1, cold-blooded, AC +6
a: Berserk, Trog's Hand, Burn Spellbooks, Renounce Religion


You were on level 4 of the Dungeon.
You worshipped Trog.
Trog was pleased with you.
You were very hungry.

You visited 1 branch of the dungeon, and saw 5 of its levels.

You collected 205 gold pieces.

Inventory:

Hand Weapons
 a - a +0 falchion (weapon)
 r - a +0 long sword
Jewellery
 s - an uncursed amulet of faith {unknown}
Wands
 d - a wand of lightning (4/15)
 k - a wand of flame (29/48)
Scrolls
 e - 3 scrolls of blinking {unknown}
 g - 6 scrolls of remove curse {unknown}
 h - 3 scrolls of identify {unknown}
 i - a scroll of teleportation {unknown}
 j - 2 scrolls of enchant weapon {unknown}
 m - a scroll of enchant armour {unknown}
 o - a scroll of immolation {unknown}
 q - 2 scrolls of random uselessness {unknown}
Potions
 f - a potion of resistance
 l - 3 potions of berserk rage
Books
 p - a book of Misfortune

   Spells                             Type                      Level
   a - Confusing Touch                Hexes                        1
   b - Confuse                        Hexes                        3
   c - Gell's Gravitas                Hexes/Translocation          3
   d - Petrify                        Transmutation/Earth          4
   e - Metabolic Englaciation         Hexes/Ice                    5
   f - Yara's Violent Unravelling     Hexes/Transmutation          5
   Trog disapproves of the use of such an item.
Comestibles
 b - 4 bread rations
 c - 2 meat rations
 u - 9 chunks of flesh


   Skills:
 - Level 3.2 Fighting
 + Level 7.2 Long Blades
 - Level 2.6 Dodging


You had 5 spell levels left.
You didn't know any spells.

Dungeon Overview and Level Annotations

Branches:
Dungeon (5/15)             Temple (0/1) D:4

Altars:
Cheibriados
Fedhas

Shops:
D:4 *}


Innate Abilities, Weirdness & Mutations

Your plain brown scales are hard. (AC +6)
You cannot fit into any form of body armour.
You are cold-blooded and may be slowed by cold attacks.
Your magical capacity is low. (-10% MP)
Your muscles are strong. (Str +2)
Your spells are a little harder to cast, but a little more powerful.


Message History

It was a potion of resistance.
You feel protected. The gnoll hits you with a whip!
* * * LOW HITPOINT WARNING * * *
The gnoll hits you with a whip.
* * * LOW HITPOINT WARNING * * *
It was a potion of berserk rage.
You're too exhausted to go berserk.
The gnoll closely misses you.
You closely miss the gnoll. The gnoll hits you but does no damage.
The gnoll hits you with a whip!
* * * LOW HITPOINT WARNING * * *
You hit the gnoll.
The gnoll is lightly wounded.
You feel the effects of Trog's Hand fading.
The gnoll hits you with a whip.
* * * LOW HITPOINT WARNING * * *
You barely miss the gnoll. You tail-slap the gnoll.
The gnoll is moderately wounded.
The gnoll misses you. The gnoll hits you with a whip!
You die...

############.####...+...#
#.####
..........#...#.........#
#.####
###.......#...#.#.#.....#
#.....
###.......#...#.#.#.....#
######
##..............#.......#
##....♣.♣...#####.....#.##
............#####.##..#..#
....♣.....♣....##.##.....#
##.....>......gg@........#
##.#.......#...####.####.#
.(.##.....##...##.....##.#
.#.########....#.......#.#
......##.......#.......#.#
...##.............._.....#
#.###.#####.#..#.......#.#
......#####[#..#.......#.#
#.###....##.##.##.....##.#


You could see 2 gnolls.

Vanquished Creatures
  2 orc priests (D:4)
  A gnoll shaman (D:5)
  2 orc wizards
  An iguana (D:4)
  A worker ant (D:4)
  2 gnolls
  3 adders
  2 oozes
  5 worms
  A dart slug (D:2)
  5 leopard geckos
  8 orcs
  2 ball pythons
  4 bats
  3 giant cockroaches
  11 goblins
  6 hobgoblins
  2 jackals (D:2)
  2 quokkas
  3 frilled lizards
  6 kobolds
  5 rats
77 creatures vanquished.

Notes
Turn   | Place    | Note
-------+----------+-------------------------------------------
     0 | D:1      | Kloppie the Draconian Berserker began the quest for the Orb.
     0 | D:1      | Reached XP level 1. HP: 19/19 MP: 1/1
     9 | D:1      | Noticed an ogre
   153 | D:1      | Reached XP level 2. HP: 26/26 MP: 2/2
   508 | D:1      | Reached skill level 4 in Long Blades
   602 | D:2      | Reached ** piety under Trog
   652 | D:2      | Reached XP level 3. HP: 17/31 MP: 3/3
  1309 | D:2      | Reached skill level 5 in Long Blades
  1309 | D:2      | Reached XP level 4. HP: 38/38 MP: 4/4
  1499 | D:2      | Found a faded altar of an unknown god.
  1707 | D:3      | Found a blossoming altar of Fedhas.
  2041 | D:3      | Reached XP level 5. HP: 43/45 MP: 5/5
  2325 | D:4      | Reached skill level 6 in Long Blades
  2364 | D:4      | Found a staircase to the Ecumenical Temple.
  2735 | D:4      | Found a snail-covered altar of Cheibriados.
  2841 | D:4      | Found Linezun's Elemental Accessories.
  2953 | D:4      | Found Veno's Gadget Boutique.
  2988 | D:4      | Reached XP level 6. HP: 48/51 MP: 6/6
  3022 | D:4      | Reached skill level 7 in Long Blades
  3076 | D:4      | Gained mutation: Your muscles are strong. (Str +2) [potion of mutation]
  3076 | D:4      | Gained mutation: Your magical capacity is low. (-10% MP) [potion of mutation]
  3076 | D:4      | Gained mutation: Your spells are a little harder to cast, but a little more powerful. [potion of mutation]
  3089 | D:5      | Entered Level 5 of the Dungeon
  3098 | D:5      | Reached *** piety under Trog
  3125 | D:4      | Slain by a gnoll

Skill      XL: |  1  2  3  4  5  6 |
---------------+-------------------+-----
Long Blades    | 4 5 6 7 |  7.2
Fighting       | |  3.2
Dodging        | |  2.6

Action                   |  1- 3 |  4- 6 || total
-------------------------+-------+-------++-------
Melee: Falchion          |    94 |   122 ||   216
       Tailslap          |    12 |    23 ||    35
Invok: Berserk           |     3 |     5 ||     8
       Trog's Hand       |       |     2 ||     2
  Use: Potion            |       |     4 ||     4
 Stab: Sleeping          |       |     1 ||     1
  Eat: Chunk             |     3 |    11 ||    14
Armor: Skin              |    27 |    19 ||    46
Dodge: Dodged            |    67 |    60 ||   127
       Rpst.: Falchion   |    19 |    17 ||    36
